 Dungeon Crawl Stone Soup version 0.30-a0-1114-gd936c97349 (webtiles) character file.

Game seed: 10936192877996386605

115 retardedninja the Firebug (level 5, 0/37 HPs)
             Began as a Gnoll Fire Elementalist on Apr 20, 2023.
             Slain by an orc priest
             ... wielding a +0 hand axe
              (2 damage)
             ... on level 3 of the Dungeon.
             The game lasted 00:05:12 (4046 turns).

retardedninja the Firebug (Gnoll Fire Elementalist) Turns: 4046, Time: 00:05:12

Health: 0/37       AC:  4    Str:  8    XL:     5   Next: 0%
Magic:  6/12       EV: 12    Int: 16    God:
Gold:   57         SH:  0    Dex:  7    Spells: 13/14 levels left

rFire   . . .      SeeInvis +    n - +0 war axe
rCold   . . .      Faith    .    (no shield)
rNeg    . . .      Spirit   .    a - +0 robe
rPois   +          Reflect  .    (no helmet)
rElec   +          Rampage  .    (no cloak)
rCorr   .                        (no gloves)
Will    ++...                    j - +1 pair of boots
Stlth   ++                       (no amulet)
HPRegen 0.26/turn                h - ring of Xom's Capriciousness {rElec rPois Will++ Dex-5 SInv}
MPRegen 0.13/turn                (no ring)

@: invisible
A: fangs 1, strong nose, distributed training
a: no special abilities


You were on level 3 of the Dungeon.
You visited 1 branch of the dungeon, and saw 3 of its levels.

You collected 192 gold pieces.
You spent 135 gold pieces at shops.

Inventory:

Hand Weapons
 n - a +0 war axe (weapon)
Armour
 a - a +0 robe (worn)
 j - a +1 pair of boots (worn)
Jewellery
 h - the ring of Xom's Capriciousness (left hand) {rElec rPois Will++ Dex-5 SInv}
   (You bought it in a shop on level 2 of the Dungeon)

   [ring of poison resistance]

   Dex:       It affects your dexterity (-5).
   rElec:     It insulates you from electricity.
   rPois:     It protects you from poison.
   SInv:      It lets you see invisible.
   Will:      It greatly increases your willpower.
Scrolls
 c - a scroll of noise {unknown}
 d - a scroll of amnesia {unknown}
 e - a scroll of torment {unknown}
 g - a scroll of immolation {unknown}
 i - 2 scrolls of blinking {unknown}
 k - a scroll of acquirement {unknown}
 m - a scroll of vulnerability {unknown}
Potions
 b - 2 potions of magic
 f - a potion of flight


   Skills:
 + Level 1.3 Fighting
 + Level 1.3 Short Blades
 + Level 1.3 Long Blades
 + Level 1.3 Axes
 + Level 1.3 Maces & Flails
 + Level 1.3 Polearms
 + Level 1.3 Staves
 + Level 1.3 Ranged Weapons
 + Level 1.3 Throwing
 + Level 1.3 Armour
 + Level 4.7 Dodging
 + Level 4.3 Stealth
 + Level 1.3 Shields
 + Level 1.3 Unarmed Combat
 + Level 5.1 Spellcasting
 + Level 2.3 Conjurations
 + Level 1.1 Hexes
 + Level 1.1 Summonings
 + Level 1.1 Necromancy
 + Level 1.1 Translocations
 + Level 1.1 Transmutations
 + Level 5.5 Fire Magic
 + Level 1.1 Ice Magic
 + Level 1.1 Air Magic
 + Level 1.1 Earth Magic
 + Level 1.1 Poison Magic
 + Level 1.5 Invocations
 + Level 1.3 Evocations


You had 13 spell levels left.
You knew the following spells:

 Your Spells              Type           Power      Damage    Failure   Level
a - Foxfire               Conj/Fire      64%        2x1d7     3%          1

Your spell library contained the following spells:

 Spells                   Type           Power      Damage    Failure   Level
 Scorch                   Fire           42%        2d7       2%          2
 Inner Flame              Hex/Fire       14%        N/A       12%         3
 Volatile Blastmotes      Fire/Tloc      28%        2d12      12%         3
 Flame Wave               Conj/Fire      16%        2d7       30%         4


Dungeon Overview and Level Annotations

Branches:
Dungeon (3/15)

Altars:

Shops:
D:2 *


Innate Abilities, Weirdness & Mutations

You have very sharp teeth.
Your uncanny sense of smell can sniff out nearby items.
Your experience applies equally to all skills.


Message History

You conjure some foxfire!
The orc priest invokes the aid of Beogh against you.
Beogh smites you! The orc hits you with a +0 dagger.
The orc priest closely misses you. The orc hits you with a +0 dagger.
Your foxfire dissipates!
The foxfire hits the orc priest but does no damage.
The foxfire hits the orc.
The orc is lightly wounded.
Casting: Foxfire (safe; 3% risk of failure)
Press: ? - help, Q - select action Dir - look around, f - activate You conjure some foxfire!
The orc priest calls upon Beogh to heal the orc.
The orc's wounds heal themselves!
The foxfire hits the orc.
The orc is lightly wounded.
The foxfire hits the orc priest but does no damage.
The orc priest misses you. The orc hits you with a +0 dagger.
The orc priest hits you with a +0 hand axe.
* * * LOW HITPOINT WARNING * * *
Casting: Foxfire (safe; 3% risk of failure)
Press: ? - help, Q - select action Dir - look around, f - activate You conjure some foxfire!
The orc closely misses you.
The orc priest hits you with a +0 hand axe.
* * * LOW HITPOINT WARNING * * *
The orc priest hits your foxfire with a +0 hand axe!
Unknown command.
The orc attacks as you move away! The orc hits you but does no damage.
The foxfire hits the orc priest.
The orc priest is moderately wounded.
The foxfire hits the orc.
The orc is severely wounded.
The orc priest hits you with a +0 hand axe!
* * * LOW HITPOINT WARNING * * *
It was a potion of invisibility.
You fade into invisibility!
The orc misses you.
The orc priest hits you with a +0 hand axe.
You die...

#...# #.### .. #.# #.
#.# #. #########.# ..
#.. ..##.# #. #.#
#.##.# .#####.
##.####.##.#
......)###.@##......#
#....oo##.#.####
###.#..ยง..#.#
##.#......#
##.####### ###


You could see an orc priest (unable to see you) and an orc (unable to see you).

Vanquished Creatures
  4 adders
  A worm (D:3)
  3 dart slugs
  9 orcs (D:3)
  2 endoplasms
  3 giant cockroaches (D:1)
  4 hobgoblins
  2 jackals (D:2)
  4 kobolds (D:1)
  5 quokkas
  6 ball pythons
  4 bats (D:1)
  A frilled lizard (D:2)
  6 goblins
  5 rats
59 creatures vanquished.

Vanquished Creatures (others)
  306 foxfires
306 creatures vanquished.

Grand Total: 365 creatures vanquished

Notes
Turn   | Place    | Note
-------+----------+-------------------------------------------
     0 | D:1      | retardedninja the Gnoll Fire Elementalist began the quest
                  | for the Orb.
     0 | D:1      | Reached XP level 1. HP: 13/13 MP: 6/6
   366 | D:1      | Reached XP level 2. HP: 19/19 MP: 5/7
  1025 | D:1      | Reached skill level 5 in Spellcasting
  1025 | D:1      | Reached XP level 3. HP: 25/25 MP: 6/9
  1675 | D:2      | Reached skill level 1 in Invocations
  1727 | D:2      | Found Paatz's Assorted Antiques.
  2102 | D:2      | Reached skill level 1 in Fighting
  2102 | D:2      | Reached skill level 1 in Short Blades
  2102 | D:2      | Reached skill level 1 in Long Blades
  2102 | D:2      | Reached skill level 1 in Axes
  2102 | D:2      | Reached skill level 1 in Maces & Flails
  2102 | D:2      | Reached skill level 1 in Polearms
  2102 | D:2      | Reached skill level 1 in Staves
  2102 | D:2      | Reached skill level 1 in Ranged Weapons
  2102 | D:2      | Reached skill level 1 in Throwing
  2102 | D:2      | Reached skill level 1 in Armour
  2102 | D:2      | Reached skill level 1 in Shields
  2102 | D:2      | Reached skill level 1 in Unarmed Combat
  2102 | D:2      | Reached skill level 1 in Evocations
  2439 | D:2      | Reached XP level 4. HP: 32/32 MP: 8/11
  2723 | D:2      | Bought a flickering brass ring for 135 gold pieces
  2723 | D:2      | Identified the ring of Xom's Capriciousness {rElec rPois
                  | Will++ Dex-5 SInv} (You bought it in a shop on level 2 of
                  | the Dungeon)
  3004 | D:2      | HP: 1/32 [poisoned by an adder]
  3383 | D:3      | Reached skill level 1 in Hexes
  3383 | D:3      | Reached skill level 1 in Summonings
  3383 | D:3      | Reached skill level 1 in Necromancy
  3383 | D:3      | Reached skill level 1 in Translocations
  3383 | D:3      | Reached skill level 1 in Transmutations
  3383 | D:3      | Reached skill level 1 in Ice Magic
  3383 | D:3      | Reached skill level 1 in Air Magic
  3383 | D:3      | Reached skill level 1 in Earth Magic
  3383 | D:3      | Reached skill level 1 in Poison Magic
  3447 | D:3      | Found a faded altar of an unknown god.
  4033 | D:3      | Reached XP level 5. HP: 31/37 MP: 9/12
  4046 | D:3      | Slain by an orc priest

Illustrated notes

Levels and vault maps discovered:
D:1:      dpeg_arrival_another_circle, layout_loops_ring
D:2:      layout_loops_corners, serial_shops, shop
D:3:      layout_loops_cross, ebering_ecumenical_altar_abandoned

Skill      XL: |  1  2  3  4 |
---------------+-------------+-----
Conjurations   | 2 |  2.3
Spellcasting   | 5 |  5.1
Invocations    | 1 |  1.5
Fighting       | 1 |  1.3
Short Blades   | 1 |  1.3
Long Blades    | 1 |  1.3
Axes           | 1 |  1.3
Maces & Flails | 1 |  1.3
Polearms       | 1 |  1.3
Staves         | 1 |  1.3
Ranged Weapons | 1 |  1.3
Throwing       | 1 |  1.3
Armour         | 1 |  1.3
Shields        | 1 |  1.3
Unarmed Combat | 1 |  1.3
Evocations     | 1 |  1.3
Hexes          | 1 |  1.1
Summonings     | 1 |  1.1
Necromancy     | 1 |  1.1
Translocations | 1 |  1.1
Transmutations | 1 |  1.1
Ice Magic      | 1 |  1.1
Air Magic      | 1 |  1.1
Earth Magic    | 1 |  1.1
Poison Magic   | 1 |  1.1
Dodging        | |  4.7
Stealth        | |  4.3
Fire Magic     | |  5.5

Action                     |  1- 3 |  4- 6 || total
---------------------------+-------+-------++-------
  Melee: Mace              |     1 |     3 ||     4
   Cast: Foxfire           |   125 |    66 ||   191
    Use: Scroll            |     1 |     3 ||     4
         Potion            |       |     1 ||     1
 Armour: Robe              |     5 |     6 ||    11
  Dodge: Dodged            |    16 |    21 ||    37

Table legend: (Time is in decaauts)
 A = Elapsed time spent in this place.
 B = Non-inter-level travel time spent in this place.
 C = Inter-level travel time spent in this place.
 D = Time resting spent in this place.
 E = Time spent auto-exploring this place.
 F = Levels seen in this place.
 G = Mean time per level.
                   A        B        C        D        E       F      G
               +--------+--------+--------+--------+--------+-----+--------+
         Total |   4045 |   3873 |    172 |    224 |   3074 |   3 | 1348.3 |
       Dungeon |   4045 |   3873 |    172 |    224 |   3074 |   3 | 1348.3 |
               +--------+--------+--------+--------+--------+-----+--------+

Top non-repeatable levels by time:
     D:2: 1686 daAuts
     D:1: 1661 daAuts
     D:3: 697 daAuts
